[Event "*** Titled Tuesday Blitz"]
[Site "Chess.com"]
[Date "2020.11.10"]
[Round "4"]
[White "maciek_92"]
[Black "BilodeauA"]
[Result "1-0"]
[WhiteElo "2770"]
[BlackElo "2906"]
[TimeControl "180+1"]
[EndTime "10:43:43 PST"]
[Termination "maciek_92 won by resignation"]

1. e4 e5 2. Nf3 Nc6 3. Bb5 a6 4.
Ba4 d6 5. c3 Bd7 6. O-O Nge7 7.
d4 Ng6 8. h3 Be7 9. Be3 h6 10.
Qd2 O-O 11. Bc2 f5 12. exf5 Bxf5 13. Bxf5 Rxf5 14. dxe5 Ngxe5 15. Nxe5 Rxe5 16. f4 Rf5 17. g4 Rf8 18. c4 Bf6 19. Nc3 Bxc3 20. Qxc3 Qh4 21.
Kg2 Rae8 22. Rae1 Qf6 23. Qxf6 Rxf6 24. Bd2 Rfe6 25. Rxe6 Rxe6 26. Re1 Kf7 27. Rxe6 Kxe6 28. f5+ Kf7 29. Bc3 b5 30. b3 bxc4 31. bxc4 Nb8 32. Kf3 Nd7 33. Ke4 c6 34. Ba5 Nf6+ 35. Kf4 Nd7 36. Ke4 Ke7 37. Bc3 Kf8 38. h4 Kf7 39.
Bb4 c5 40. Bc3 Nb6 41. Kd3 g6 42. Ba5 Nd7 43. Ke4 Nf6+ 44. Kf4 Ne8 45. fxg6+ Kxg6 46. h5+ Kf7 47. g5 hxg5+ 48. Kxg5 Nf6 49. h6 Ne4+ 50.
Kf5 Ng3+ 51. Kf4 Ne2+ 52. Ke4 Nd4 53. Kd5 Nf5 54. Bd2 Kg6 55. Ke6 Ng3 56. Bf4 Ne4 57. Kd5 Nc3+ 58. Kxd6 Nxa2 59. Kxc5 Nc3 60. Kd4 Ne2+ 61. Ke4 a5 62. Be5 a4 63. c5 Nc1 64.
c6 Nb3 65. c7 Nc5+ 66. Kd5 Nd7 67. Bd4 a3 68. c8=Q Nb6+ 69. Bxb6 1-0

[Event "*** Titled Tuesday Blitz"]
[Site "Chess.com"]
[Date "2020.11.10"]
[Round "4"]
[White "ajdemipopushi"]
[Black "TheKingDoctor"]
[Result "1-0"]
[WhiteElo "2400"]
[BlackElo "2137"]
[TimeControl "180+1"]
[EndTime "10:43:45 PST"]
[Termination "ajdemipopushi won by resignation"]

1. Nf3 Nf6 2. g3 g6 3. c4 Bg7 4. Bg2 O-O 5. d4 d6 6. O-O c6 7.
Nc3 Bf5 8. b3 Ne4 9. Bb2 Nxc3 10. Bxc3 Be4 11. e3 d5 12. Qe2 Nd7 13. Rfc1 Qb6 14.
Bf1 Rac8 15. Nd2 Bf5 16. a4 Nf6 17. c5 Qc7 18. b4 Ne4 19. Nxe4 Bxe4 20. b5 e5 21.
dxe5 Bxe5 22. b6 axb6 23. cxb6 Qe7 24. Bxe5 Qxe5 25. a5 c5 26. Qb5 Qd6 27. a6 bxa6 28.
Rxa6 Qc6 29. b7 Qxb5 30. Bxb5 Rb8 31. Bc6 c4 32. Rc3 Rfd8 33. Rca3 Kg7 34. Ra8 c3 35.
Rxc3 d4 36. exd4 Bxc6 37. Rxc6 Rxa8 38. bxa8=Q Rxa8 39. Rc2 Rd8 40. Rd2 Kf6 41. f3 Rd5 42. Kf2 h5 43. Ke3 Ke6 44. Ke4 Rd7 45. d5+ Kf6 46. Kd4 Kf5 47. Kc5 Kf6 48. Kc6 Ke7 49. Re2+ Kd8 50. Ra2 Rc7+ 51. Kd6 Rd7+ 52. Ke5 Re7+ 53.
Kd4 Rd7 54. Ra6 Ke7 55. Ke5 Rb7 56. d6+ Kd7 57. Kf6 Ke8 58. Ra8+ Kd7 59. Kxf7 Kxd6+ 60. Kxg6 Rb2 61. Kxh5 Rxh2+ 62. Kg4 Ke6 63. f4 Rg2 64. Ra6+ Kf7 65. f5 Rg1 66. Kf4 Rf1+ 67. Kg5 Rg1 68. g4 Rh1 69. Ra7+ Kf8 70. Kg6 Rg1 71. g5 Rg2 72. f6 1-0

[Event "*** Titled Tuesday Blitz"]
[Site "Chess.com"]
[Date "2020.11.10"]
[Round "4"]
[White "Dr_Thomas_Quilter"]
[Black "MarkoPe"]
[Result "1-0"]
[WhiteElo "2103"]
[BlackElo "2215"]
[TimeControl "180+1"]
[EndTime "10:43:51 PST"]
[Termination "Dr_Thomas_Quilter won by resignation"]

1. e4 c5 2. Nf3 d6 3. Bd3 Nf6 4. c3 g6 5. O-O Bg7 6. Bc2 Nbd7 7. d4 e5 8. Bg5 Qc7 9. Nbd2 O-O 10. Rc1 b5 11.
Qe2 a6 12. h3 Bb7 13. Qe3 Rfe8 14. Bh6 exd4 15. cxd4 Nxe4 16. Nxe4 f5 17. Qb3+ c4 18. Bxg7 Kxg7 19. Qc3 Bxe4 20. Bxe4 Rxe4 21. Ng5 Nf6 22. d5 Qe7 23. Rfe1 Re8 24. Ne6+ Kg8 25. Rxe4 Nxe4 26. Qd4 Nc5 27. Re1 Nxe6 28. Rxe6 Qd7 29. Qf6 Rxe6 30.
dxe6 Qe8 31. e7 d5 32. Qe6+ Kg7 33. Qe5+ Kf7 34. Qxd5+ Kxe7 35. Qb7+ Qd7 36. Qxa6 Qd1+ 37. Kh2 Qd6+ 38. Qxd6+ Kxd6 39. Kg3 Kd5 40. Kf3 Kd4 41. Ke2 g5 42. Kd2 b4 43. a4 Kc5 44. Ke3 h6 45. g3 h5 46. h4 gxh4 47. gxh4 b3 48. Kd2 f4 49. Kc3 f3 50. a5 Kb5 51. a6 Kxa6 52.
Kxc4 Kb6 53. Kxb3 Kc5 54. Kc3 Kb5 55. Kd3 Kb4 56. Ke3 Kb3 57. Kxf3 Kxb2 58. Kf4 Kc3 59. Kg5 Kd4 60. Kxh5 Ke4 61. Kg6 Kf3 62. h5 Kxf2 63. h6 Ke3 64. h7 Ke4 65. h8=Q Kf4 66. Qf8+ Ke4 67. Qf6 Kd5 68. Kf5 Kc4 69. Qd6 Kb5 70. Qc7 Kb4 71. Qc6 1-0

[Event "*** Titled Tuesday Blitz"]
[Site "Chess.com"]
[Date "2020.11.10"]
[Round "4"]
[White "Marianov_Podstavnikov"]
[Black "Savagelittlemole"]
[Result "1/2-1/2"]
[WhiteElo "2251"]
[BlackElo "2579"]
[TimeControl "180+1"]
[EndTime "10:43:53 PST"]
[Termination "Game drawn - timeout vs insufficient material"]

1. e4 c5 2. Nf3 d6 3. Bb5+ Nd7 4. d4 cxd4 5. Qxd4 a6 6. Bxd7+ Bxd7 7. O-O Rc8 8. c4 e5 9. Qd3 Be7 10. Nc3 h6 11. a4 Nf6 12. b3 O-O 13. Ba3 Be6 14.
Rfd1 Qa5 15. Rac1 Rfd8 16. Ra1 Nh5 17. g3 Qc7 18. Nd2 Qd7 19. Nf1 f5 20. Nd5 Bxd5 21. Qxd5+ Kh8 22. exf5 Qxf5 23. Ne3 Qg6 24. Qxb7 Bf8 25.
Qxa6 Nf4 26. Qb7 Ne2+ 27. Kh1 Nd4 28. Rab1 Rb8 29. Qd5 Rxb3 30. Rxb3 Nxb3 31. c5 Nd4 32. cxd6 Bxd6 33. Bxd6 Rxd6 34. Qxe5 Nf5 35. Rxd6 Nxd6 36. a5 Qb1+ 37. Kg2 Qb7+ 38. Qd5 Qa6 39. h4 Ne8 40.
Qf7 Nf6 41. Qf8+ Kh7 42. Qc5 Qb7+ 43. f3 Qb2+ 44. Kh3 Qb1 45. Qf5+ Qxf5+ 46. Nxf5 Nd5 47. Nd4 Nc7 48. Nb3 Kg6 49. Nc5 Kf6 50. a6 Ke5 51. a7 Kd5 52. Nb7 Kc6 53. Nd8+ Kb6 54. Ne6 Na8 55. Nxg7 Kxa7 56. Nf5 Kb6 57. Nxh6 Kc6 58.
Ng4 Kd6 59. h5 Ke6 60. Kh4 Kf7 61. h6 Nc7 62. Kg5 Ne6+ 63. Kh5 Kg8 64. f4 Kh7 65. Nf6+ Kh8 66. Kg6 Nxf4+ 67. Kg5 Ne6+ 68. Kh4 Nf8 69. Ng4 Kh7 70. Kg5 Ne6+ 71. Kf6 Nd4 72. Ke5 Ne2 1/2-1/2

[Event "*** Titled Tuesday Blitz"]
[Site "Chess.com"]
[Date "2020.11.10"]
[Round "4"]
[White "IsuruAlahakoon"]
[Black "QuintilianoR"]
[Result "0-1"]
[WhiteElo "2470"]
[BlackElo "2697"]
[TimeControl "180+1"]
[EndTime "10:43:58 PST"]
[Termination "QuintilianoR won on time"]

1. Nf3 d5 2. e3 Nf6 3. c4 e6 4. b3 Be7 5. Bb2 b6 6. Nc3 O-O 7. Qc2 Bb7 8. cxd5 exd5 9. d4 c5 10.
Bd3 Nc6 11. a3 Rc8 12. dxc5 bxc5 13. O-O Na5 14. Rfd1 d4 15. Ne4 Nxe4 16. Bxe4 Bxe4 17.
Qxe4 Nxb3 18. Rab1 Bf6 19. exd4 Re8 20. Qb7 Nxd4 21. Bxd4 cxd4 22. Qxa7 Rc4 23. h3 Qa8 24. Qxa8 Rxa8 25. Rb3 g6 26. Rbd3 Raa4 27. Nd2 Rc2 28. Ne4 Bg7 29. Rb1 Be5 30. g3 Re2 31. Nd2 Bf6 32.
Rb6 Kg7 33. Kf1 Re8 34. Nf3 Rea8 35. Rbb3 Rc4 36. g4 Rc3 37. g5 Be7 38. Rdxc3 dxc3 39. Rxc3 Bxa3 40. Kg2 Be7 41. Rb3 Ra7 42. h4 Rc7 43.
Rd3 h5 44. Kg3 Rc4 45. Kg2 Re4 46. Rd7 Kf8 47. Ra7 Bd6 48. Ra8+ Ke7 49. Ra7+ Ke6 50. Ra6 Rg4+ 51. Kf1 Rf4 52. Ke2 Re4+ 53. Kf1 Rc4 54.
Kg2 Re4 55. Rb6 Kd7 56. Ra6 Bc7 57. Ra7 Kc6 58. Ra6+ Bb6 59. Ra8 Re2 60. Rc8+ Kb7 61. Rf8 Bxf2 62. Rxf7+ Kc8 63. Kf1 Ra2 64. Ne5 Bxh4 65.
Nxg6 Bxg5 66. Rh7 h4 67. Nxh4 Rh2 68. Rh8+ Bd8 69. Ng6 Rxh8 0-1

[Event "*** Titled Tuesday Blitz"]
[Site "Chess.com"]
[Date "2020.11.10"]
[Round "4"]
[White "Javylavilla"]
[Black "AlexandraBotez"]
[Result "1-0"]
[WhiteElo "2265"]
[BlackElo "2091"]
[TimeControl "180+1"]
[EndTime "10:44:02 PST"]
[Termination "Javylavilla won by resignation"]

1. e4 e6 2. d4 d5 3. Nd2 c5 4. Ngf3 Nc6 5. exd5 exd5 6. Bb5 Nf6 7. O-O Be7 8. dxc5 O-O 9. Nb3 a6 10. Bd3 Bg4 11. h3 Bh5 12. Bf4 Re8 13. c3 Ne4 14.
Be2 Nxc5 15. Nbd4 Ne4 16. Ne5 Bxe2 17. Qxe2 Bf6 18. Nexc6 bxc6 19. Nxc6 Qb6 20. Nb4 Nxc3 21. Qf3 Ne2+ 22. Kh1 Qxb4 23. Be3 Nd4 24. Qxd5 Rad8 25. Qh5 Nc2 26. Rac1 Nxe3 27. fxe3 Rxe3 28. Rc7 Rf8 29. b3 Rc3 30. Rd7 Qb5 31. Qxb5 axb5 32. Rb7 Rc5 33. a4 bxa4 34. bxa4 h6 35. Ra7 Rb8 36. a5 Rb4 37. a6 Ra4 38. Rb1 Be5 39. Ra8+ Kh7 40. Kg1 Rca5 41.
Rb7 Bd4+ 42. Kf1 Ra2 43. Rxf7 Rxa6 44. Rxa6 Rxa6 45. Ke2 Rf6 46. Rd7 Ba1 47. Rd1 Re6+ 48. Kf3 Bf6 49. Rd5 Kg6 50. g4 Rb6 51. Rd3 Rb4 52.
Kg3 Be5+ 53. Kh4 Rb1 54. Rd5 Bf4 55. Rf5 Bg5+ 56. Kg3 Rb3+ 57. Kg2 Rb2+ 58. Kg3 Rb3+ 59. Kg2 Bf6 60. Rd5 Rb2+ 61. Kg3 Kf7 62. Rd7+ Ke6 63. Ra7 Be5+ 64. Kh4 Rb3 65. Ra6+ Kf7 66. g5 Rb4+ 67.
Kh5 Rb3 68. h4 g6+ 69. Kxh6 Rb8 70. Ra7+ Ke6 71. Kxg6 Rg8+ 72. Kh5 Rh8+ 73. Kg4 Rg8 74. h5 Kd5 75. g6 Bg7 76. Kg5 Ke5 77. h6 Bf6+ 78.
Kh5 Bh8 79. g7 Bxg7 80. Rxg7 Kf6 81. Rxg8 1-0

[Event "*** Titled Tuesday Blitz"]
[Site "Chess.com"]
[Date "2020.11.10"]
[Round "4"]
[White "alexrustemov"]
[Black "RaunakSadhwani2005"]
[Result "0-1"]
[WhiteElo "2722"]
[BlackElo "2987"]
[TimeControl "180+1"]
[EndTime "10:44:04 PST"]
[Termination "RaunakSadhwani2005 won by resignation"]

1. d4 Nf6 2. Nf3 g6 3. c4 Bg7 4. g3 O-O 5. Bg2 d6 6. Nc3 Nc6 7. O-O e5 8. d5 Nb8 9. Ne1 Nfd7 10. e4 a5 11. Be3 Na6 12. Qd2 f5 13. exf5 gxf5 14. f4 e4 15. Bd4 Nac5 16. Bxg7 Kxg7 17. Qd4+ Kg8 18. Nc2 Nd3 19. b3 N7c5 20. Ne3 h5 21. Rab1 h4 22. g4 h3 23. Bxh3 Qh4 24. Bg2 Rf7 25. gxf5 Nxf4 26. Rxf4 Qxf4 27. Rf1 Qh4 28. Nxe4 Nxe4 29. Qxe4 Qxe4 30. Bxe4 Bd7 31. Rf4 Re8 32. Kf2 Kg7 33. Kf3 Rh8 34. h4 a4 35. b4 b6 36. a3 Kf8 37. b5 Rfh7 38. Kg3 Be8 39.
Bc2 Bh5 40. Bxa4 Rg7+ 41. Kf2 Rhg8 42. Bc2 Rg1 43. f6 Rh1 44. Be4 Rh2+ 45. Bg2 Bf7 46. a4 Rg6 47. Re4 Be8 48. Rf4 Bf7 49. Kf1 Be8 50.
Kg1 Rh3 51. Kf2 Rxe3 52. Kxe3 Rxg2 53. Re4 Bh5 54. Kd4 Rd2+ 55. Kc3 Re2 56. Rf4 Kf7 57. Kb4 Rb2+ 58. Kc3 Ra2 59. Kb3 Ra1 60. Kb4 Bd1 61.
Rf1 Rxa4+ 62. Kc3 Bh5 63. Rf5 Bg6 64. Rf2 Ra3+ 65. Kb4 Ra1 66. Rf3 Rh1 67. Ra3 Rxh4 68. Ra7 Kxf6 69. Rxc7 Ke5 70. Rc6 Bd3 71. Kc3 Bf1 72.
Rc8 Rxc4+ 73. Rxc4 Bxc4 74. Kxc4 Ke4 0-1

[Event "*** Titled Tuesday Blitz"]
[Site "Chess.com"]
[Date "2020.11.10"]
[Round "4"]
[White "Matibar"]
[Black "Chopper1905"]
[Result "1/2-1/2"]
[WhiteElo "2766"]
[BlackElo "2931"]
[TimeControl "180+1"]
[EndTime "10:44:06 PST"]
[Termination "Game drawn - insufficient material"]

1. e4 e5 2. Nf3 Nc6 3. Bb5 a6 4.
Ba4 Nf6 5. Nc3 b5 6. Bb3 Bc5 7. Nd5 d6 8. d3 h6 9. a4 Rb8 10. axb5 axb5 11. Be3 Bxe3 12. Nxe3 Be6 13. c3 O-O 14. O-O d5 15. Ra6 Qd7 16. exd5 Nxd5 17.
Nxd5 Bxd5 18. Re1 Rfe8 19. Bxd5 Qxd5 20. Qe2 Re6 21. Qe4 Rd8 22. Ra8 Qxe4 23. Rxd8+ Nxd8 24. dxe4 Nb7 25. Kf1 Nc5 26. b4 Na4 27. Rc1 f6 28. c4 Rc6 29. c5 Kf7 30. Rc2 Ra6 31. Ke2 g6 32. g4 Ke6 33. Nh4 Kf7 34. h3 Ra8 35. Ng2 Rd8 36. Ne3 Rd4 37. f3 c6 38. Rd2 Nc3+ 39. Ke1 Rxb4 40. Rd7+ Ke8 41.
Rd6 Rb1+ 42. Kd2 Na4 43. Rxc6 Rb2+ 44. Kc1 Rb3 45. Nd5 Rxf3 46. Nxf6+ Kf7 47. Nd5 Rxh3 48. Rc7+ Ke8 49. c6 Rh1+ 50. Kd2 Rh2+ 51. Kd1 Nb2+ 52. Kc1 Nd3+ 53. Kb1 Rb2+ 54. Ka1 Rc2 55. Re7+ Kf8 56. c7 b4 57. Rd7 b3 58. Nc3 b2+ 59. Ka2 Rxc3 60. Rxd3 b1=Q+ 61. Kxb1 Rxc7 62. Rd5 Re7 63. Kc2 Kf7 64. Kd3 Kf6 65. Ke3 Kg5 66. Kf3 Kh4 67.
Rd6 Rf7+ 68. Ke3 Kg5 69. Re6 Kxg4 70. Rxg6+ Kh5 71. Re6 Kg4 72. Rxh6 Rf3+ 73. Ke2 Ra3 74. Rf6 Ra4 75. Ke3 Ra3+ 76. Ke2 Ra4 77. Kd3 Rd4+ 78. Ke3 Ra4 79. Rf5 Ra3+ 80. Ke2 Rb3 81. Rxe5 Kf4 82. Re8 Re3+ 83. Kd2 Rxe4 84. Rxe4+ Kxe4 1/2-1/2

[Event "*** Titled Tuesday Blitz"]
[Site "Chess.com"]
[Date "2020.11.10"]
[Round "4"]
[White "BAS8892"]
[Black "kirillshevchenko"]
[Result "1-0"]
[WhiteElo "2737"]
[BlackElo "2868"]
[TimeControl "180+1"]
[EndTime "10:44:09 PST"]
[Termination "BAS8892 won on time"]

1. d4 Nf6 2. Bf4 b6 3. e3 Bb7 4. Nf3 g6 5. Nbd2 Bg7 6. h3 O-O 7. Be2 d6 8. O-O Nbd7 9. c3 Ne4 10. Nxe4 Bxe4 11. a4 c5 12. a5 bxa5 13. Nd2 Bb7 14. Nc4 Rb8 15. Nxa5 Ba8 16. Qd2 Qc7 17. Bg3 Nf6 18.
f3 Rfd8 19. Rfd1 e5 20. dxe5 dxe5 21. Qc2 Rxd1+ 22. Qxd1 Nd5 23. e4 Nf4 24. Bxf4 exf4 25. Nc4 Bc6 26. Bf1 Rd8 27. Qb3 Qd7 28. Qa3 Bb5 29.
Qxc5 Rc8 30. Qd6 Qe8 31. Qd5 Rd8 32. Nd6 Qe7 33. Qxf7+ Qxf7 34. Nxf7 Rb8 35. Bxb5 Rxb5 36. Rxa7 Rxb2 37. e5 Re2 38. Kf1 Re3 39. Rc7 Bxe5 40.
Nxe5 Rxe5 41. h4 Re3 42. Kf2 h5 43. g3 Rd3 44. gxf4 Rd2+ 45. Ke3 Rh2 46. c4 Rxh4 47. c5 Rh2 48. c6 Rc2 49. f5 gxf5 50. Kf4 h4 51.
Kg5 h3 52. Kg6 Kf8 53. Kf6 Kg8 54. Rg7+ Kf8 55. Rh7 Rxc6+ 56. Kxf5 Rc5+ 57. Kg4 Rc4+ 58. f4 Kg8 59. Rxh3 Kf7 60. Rh7+ Kg6 61. Rb7 Rc6 62. Rb5 Rd6 63. Rg5+ Kf6 64. Rh5 Kg6 65. f5+ Kg7 66. Kg5 Rb6 67. Rh3 Rc6 68. Rd3 Rb6 69. Rd7+ Kf8 70. Rc7 Ra6 71. Rd7 Rb6 72. Rh7 Kg8 73. Re7 Kf8 74. Re5 Kf7 75. Rc5 Ra6 76. Rc7+ Kf8 77. Rc5 Kf7 78. Rb5 Kg7 79. Rb7+ Kf8 80. f6 Ra1 81. Kg6 Rg1+ 82. Kf5 1-0

[Event "*** Titled Tuesday Blitz"]
[Site "Chess.com"]
[Date "2020.11.10"]
[Round "4"]
[White "wonderfultime"]
[Black "Zkid"]
[Result "0-1"]
[WhiteElo "2943"]
[BlackElo "2776"]
[TimeControl "180+1"]
[EndTime "10:44:20 PST"]
[Termination "Zkid won by resignation"]

1. d4 d5 2. Nf3 Nf6 3. Bf4 c5 4. c3 e6 5. e3 Bd6 6. Nbd2 Bxf4 7. exf4 Qb6 8. Qb3 Nc6 9. Bb5 O-O 10. Bxc6 bxc6 11.
O-O cxd4 12. cxd4 c5 13. dxc5 Qxc5 14. Rac1 Qb6 15. Rc2 Ba6 16. Rfc1 Rfc8 17. Rxc8+ Rxc8 18. Rxc8+ Bxc8 19. Qxb6 axb6 20. Ne5 Nd7 21. f3 Nc5 22. b4 Nb7 23. Kf2 f6 24. Nd3 Bd7 25. Ke3 Kf7 26. Nb3 Ke7 27. g4 Kd6 28. g5 fxg5 29.
fxg5 e5 30. f4 d4+ 31. Kd2 exf4 32. Nxf4 Ke5 33. Ne2 Nd6 34. Nexd4 Ne4+ 35. Ke3 Nxg5 36. h4 Nf7 37. Nd2 Nd6 38. a3 Kd5 39. Ne2 Nf5+ 40. Kf4 Nxh4 41. Nc3+ Kd4 42. Nce4 Ng6+ 43. Kg5 Ne5 44.
Nd6 h6+ 45. Kh4 Kc3 46. N2e4+ Kb3 47. Ng3 Bg4 48. Nf1 g5+ 49. Kg3 h5 50. Ne3 h4+ 51.
Kf2 Be6 52. b5 g4 53. Ne4 g3+ 54. Nxg3 hxg3+ 55. Kxg3 Nc4 56. Ng2 Nxa3 57. Kf4 Nxb5 58. Ke5 Bc4 59. Ne3 Kb4 60. Nf5 Kc5 61. Ne7 Nd4 62.
Ke4 Nc6 63. Ng6 b5 64. Ke3 b4 65. Nf4 b3 66. Kd2 Kb4 67. Ng2 Ka3 68. Ne3 Ne5 69.
Kc3 Bd3 70. Nd1 Bc2 71. Nb2 Ka2 72. Na4 Bg6 73. Kd2 b2 74. Nxb2 Kxb2 75. Ke3 Nc6 76. Kd2 Kb3 77. Ke3 Kc4 78. Kf4 Kd4 79. Kg5 Be4 80.
Kf4 Nb4 81. Kg4 Nd5 82. Kg5 Ke5 83. Kh6 Kf6 84. Kh5 Kf5 85. Kh6 Nf4 86. Kg7 Ng6 87. Kg8 Kf6 88. Kh7 Bd5 89. Kh6 Bg8 90. Kh5 Ne5 91. Kh4 Kf5 92. Kh5 Ng4 93. Kh4 Kf4 94. Kh3 Ne3 95. Kh2 Kf3 96. Kg1 Kg3 0-1

[Event "*** Titled Tuesday Blitz"]
[Site "Chess.com"]
[Date "2020.11.10"]
[Round "4"]
[White "Flopezin"]
[Black "IngOscarArdila"]
[Result "1-0"]
[WhiteElo "2398"]
[BlackElo "2131"]
[TimeControl "180+1"]
[EndTime "10:44:21 PST"]
[Termination "Flopezin won on time"]

1. c4 Nf6 2. Nc3 g6 3. e4 d6 4. d4 Bg7 5. Be2 O-O 6. Nf3 Nbd7 7. Qc2 e5 8. dxe5 dxe5 9. b4 c6 10. O-O a5 11. b5 Qc7 12. Rd1 Re8 13. Ba3 Bf8 14.
Bxf8 Nxf8 15. Rd2 Bg4 16. Ne1 Bxe2 17. Rxe2 Ne6 18. Nf3 Nd4 19. Nxd4 exd4 20. Nb1 Rad8 21.
Qd3 Qf4 22. Nd2 c5 23. g3 Qg4 24. Kg2 Nh5 25. Kh1 Qh3 26. Rg1 Nf6 27. f3 Nd7 28. f4 Nf6 29. Rge1 Ng4 30. Nf1 Re6 31. e5 Rde8 32. Qe4 b6 33. Qg2 Qh5 34. Kg1 Qf5 35.
h3 Nh6 36. Qe4 Qxh3 37. Rh2 Qg4 38. Rxh6 Kg7 39. Rh4 Qf5 40. Qxf5 gxf5 41. Rh2 Rg6 42.
Kf2 h6 43. Kf3 Rd8 44. Rd2 Re6 45. Rd3 Kg6 46. Nd2 f6 47. Kf2 Rde8 48. Nf3 h5 49. Nh4+ Kh7 50. Nf3 Kh6 51. Rd2 Kg7 52. Rde2 Kf7 53.
exf6 Rxe2+ 54. Rxe2 Rd8 55. Ng5+ Kxf6 56. Re6+ Kg7 57. Re2 Kf6 58. Rd2 d3 59. Ke3 Rd4 60. Rxd3 Rxc4 61. Rd6+ Ke7 62. Rxb6 Rc3+ 63. Kf2 Rc2+ 64.
Kf3 Rc3+ 65. Kf2 Rc2+ 66. Kg1 Rxa2 67. Rc6 Rc2 68. Ra6 c4 69. Rxa5 c3 70. Ra7+ Kd6 71. Nf7+ Kc5 72. Ne5 Rc1+ 73. Kf2 Rb1 74. Rc7+ Kd6 75.
Rc6+ Kd5 76. Rxc3 Rb2+ 77. Kf3 Rxb5 78. Rd3+ Ke6 79. Re3 Kf6 80. Nd3 Kg7 81. Nf2 Rb1 82. Nh3 Kg6 83. Kg2 Rb2+ 84. Kf3 Rb1 85. Ng5 Kf6 86. Re6+ Kg7 87. Kg2 Rf1 88. Kxf1 1-0

[Event "*** Titled Tuesday Blitz"]
[Site "Chess.com"]
[Date "2020.11.10"]
[Round "4"]
[White "DrVelja"]
[Black "Parhamov"]
[Result "0-1"]
[WhiteElo "2758"]
[BlackElo "2948"]
[TimeControl "180+1"]
[EndTime "10:44:37 PST"]
[Termination "Parhamov won by resignation"]

1. e4 c5 2. Nf3 Nc6 3. d4 cxd4 4. Nxd4 e5 5. Nb5 d6 6. c4 Be6 7. Be2 Rc8 8. N1c3 a6 9. Na3 g6 10. O-O Bg7 11. Be3 Nge7 12. Rc1 O-O 13. Nd5 Nd4 14.
Qd2 f5 15. exf5 Nexf5 16. Bg5 Nxe2+ 17. Kh1 Qxg5 18. Qxg5 Nxc1 19. Ne7+ Nxe7 20. Qxe7 Rfe8 21. Qxb7 Ne2 22. Qxa6 Nd4 23. Qxd6 Bf8 24. Qb6 Rb8 25. Qc7 Rxb2 26. Qxe5 Bxa3 27. Qxd4 Rxa2 28. c5 Rc8 29. Qe4 Bf7 30. c6 Rb2 31. h3 Rb4 32. Qf3 Rb3 33. Qf6 Bb2 34. Qd6 Rc3 35. Qb4 Rc2 36. Rb1 Bf6 37.
Qf4 R2xc6 38. Rb7 Kg7 39. Kh2 h6 40. Rb5 g5 41. Qf3 Rc5 42. Rb7 R8c7 43. Rxc7 Rxc7 44. Qe3 Re7 45. Qd3 h5 46. g3 h4 47. Qf5 Bg6 48. Qd5 Be4 49. Qc5 Re5 50. Qc7+ Kg6 51. Qc1 Bd5 52.
Qc2+ Kg7 53. Qd2 Bf7 54. gxh4 gxh4 55. Qf4 Rd5 56. Qe4 Rd8 57. Qg2+ Bg6 58. Qb7+ Kh6 59. Qb5 Rf8 60. Qe2 Kg7 61. Qe3 Rf7 62. Kg2 Be7 63. Qd4+ Kh7 64. Qe3 Bf5 65. Kh2 Rg7 66. Qf4 Kg6 67.
Qe5 Rf7 68. Kg2 Bf6 69. Qd5 Rg7 70. Kh2 Bd7 71. Qd6 Kf5 72. Qd5+ Be5+ 73. Kh1 Be6 74. Qf3+ Kg6 75. Qe4+ Kf6 76. f4 Bc7 77. Qe1 Bd5+ 78. Kh2 Bxf4+ 0-1

[Event "*** Titled Tuesday Blitz"]
[Site "Chess.com"]
[Date "2020.11.10"]
[Round "4"]
[White "NewBornNow"]
[Black "kuban1991"]
[Result "0-1"]
[WhiteElo "2645"]
[BlackElo "2886"]
[TimeControl "180+1"]
[EndTime "10:44:38 PST"]
[Termination "kuban1991 won on time"]

1. e4 e6 2. d4 d5 3. Nc3 Bb4 4. e5 c5 5. a3 Bxc3+ 6. bxc3 Nc6 7. Nf3 Bd7 8. h4 Qa5 9. Bd2 c4 10. a4 O-O-O 11. h5 f5 12. Qc1 Nh6 13. Qa3 Nf7 14. Be2 Rdg8 15. Kd1 g5 16. h6 g4 17. Ne1 Ng5 18. f3 gxf3 19. gxf3 Nf7 20. Bf1 Rg6 21. Ng2 Rhg8 22. Nf4 Rg3 23. Ke2 Ng5 24. Bg2 Ne4 25.
fxe4 Rxg2+ 26. Nxg2 Rxg2+ 27. Kd1 dxe4 28. Kc1 Qd5 29.
Bf4 e3 30. Qf8+ Nd8 31. Qc5+ Qxc5 32. dxc5 Bc6 33. Re1 Be4 34. Ra2 e2 35. Kd2 Bf3 36. Ke3 Bg4 37. Raa1 Nc6 38. Rg1 e1=Q+ 39. Raxe1 Rxc2 40.
Bg3 Rxc3+ 41. Kf4 Ne7 42. Kg5 Nd5 43. Rc1 Rxc1 44. Rxc1 Be2 45. Be1 f4 46. Kh4 f3 47.
Kg3 Kd7 48. Kf2 Kc6 49. Rb1 c3 50. Rc1 Nf4 51. Rxc3 Nd3+ 52. Rxd3 Bxd3 53. Kxf3 Kxc5 54. Bf2+ Kd5 55. Bxa7 Kxe5 56. a5 Bg6 57. Ke3 Kd5 58. Bb6 e5 59. Bc7 e4 60. Bd8 Kc6 61. Bb6 Kd7 62. Bd4 Ke6 63. Bg7 Kf5 64. Bf8 Kg5 65.
Bg7 Kh5 66. Bf8 Kg4 67. Bg7 Kf5 68. Bf8 Ke6 69. Bg7 Kd5 70. Bf8 Kc4 71. Bg7 Kb4 72. Ba1 Kxa5 73. Kd4 Ka4 74. Bc3 b5 75. Bd2 b4 76.
Kc4 b3 77. Kc3 Ka3 78. Bc1+ Ka2 0-1

[Event "*** Titled Tuesday Blitz"]
[Site "Chess.com"]
[Date "2020.11.10"]
[Round "4"]
[White "juancruzarias"]
[Black "kamilianin235"]
[Result "1-0"]
[WhiteElo "2577"]
[BlackElo "2172"]
[TimeControl "180+1"]
[EndTime "10:44:38 PST"]
[Termination "juancruzarias won by resignation"]

1. d4 d5 2. c4 dxc4 3. Nf3 c5 4. e3 cxd4 5. exd4 Nf6 6. Bxc4 e6 7. O-O Nc6 8. Nc3 Nb4 9. a3 Nbd5 10. Ne5 Be7 11.
Nxd5 Nxd5 12. Bb5+ Kf8 13. Qh5 g6 14. Bh6+ Kg8 15.
Qf3 Nf6 16. Rad1 Bf8 17. Bg5 Be7 18. Rfe1 Kg7 19. Bc4 Qc7 20. Bf4 Qb6 21. Qe3 Rd8 22. Bh6+ Kg8 23. b4 a5 24. Qh3 Nd5 25. bxa5 Rxa5 26.
Bd2 Rxa3 27. Qg4 Ra4 28. Rb1 Qc7 29. Bb3 Ra8 30. Qf3 Bf8 31. Rec1 Qe7 32. Bxd5 Rxd5 33. Bb4 Qe8 34. Bxf8 Kxf8 35. Ng4 Rf5 36. Qe3 Kg7 37.
Qh6+ Kg8 38. Rc7 Bd7 39. h3 Bc6 40. Ne5 Qd8 41. Rxc6 bxc6 42. Rb7 Qf8 43. Qxf8+ Rxf8 44. Nxc6 Rd5 45. Ne7+ Kg7 46. Nxd5 exd5 47. Rd7 Re8 48. Rxd5 Re1+ 49. Kh2 Re2 50. Kg3 Rd2 51. Rd7 Rd3+ 52. Kf4 Kf6 53. Ke4 Rd2 54. Ke3 Rd1 55. Rd6+ Ke7 56.
Rd5 Ke6 57. Re5+ Kf6 58. g3 Rh1 59. h4 Rd1 60. Rb5 Re1+ 61. Kf3 Rd1 62. Rb4 Ke6 63.
Ke2 Rc1 64. Rb6+ Kd5 65. Rb7 Ke6 66. d5+ Kf6 67. Rb2 Rc7 68. Rd2 Rd7 69. Ke3 Ke5 70.
f4+ Kd6 71. Kd4 f5 72. Rc2 Re7 73. Rc6+ Kd7 74. Ra6 Re4+ 75. Kc5 Re7 76. Ra7+ Kd8 77. Rxe7 Kxe7 78. Kc6 Ke8 79. Kd6 Kd8 80. Ke6 Ke8 81. d6 Kd8 82. Kf6 Kd7 83. Kg7 Kxd6 84. Kxh7 Ke6 85.
Kxg6 1-0

[Event "*** Titled Tuesday Blitz"]
[Site "Chess.com"]
[Date "2020.11.10"]
[Round "4"]
[White "sara_khm"]
[Black "ViktoriyaTarasova"]
[Result "1-0"]
[WhiteElo "2590"]
[BlackElo "2270"]
[TimeControl "180+1"]
[EndTime "10:44:45 PST"]
[Termination "sara_khm won by resignation"]

1. d4 Nf6 2. Nf3 e6 3. c4 b6 4.
a3 Bb7 5. Nc3 d5 6. cxd5 exd5 7.
Bf4 a6 8. Rc1 Bd6 9. Bxd6 Qxd6 10. e3 O-O 11. Bd3 Nbd7 12. O-O Rac8 13. b4 Ne4 14. Qe2 b5 15. Bxe4 dxe4 16. Nd2 f5 17.
Nb3 f4 18. Nc5 Nxc5 19. dxc5 Qg6 20. exf4 Rxf4 21. Nd1 Rcf8 22. Ne3 Bc6 23. Rcd1 Kh8 24. Rd4 Qf7 25. Rd2 Qg6 26. Rfd1 h6 27. Rd8 Kh7 28. Rxf8 Rxf8 29. Qg4 Qxg4 30. Nxg4 Re8 31. h4 Kg6 32. Ne3 Kf6 33. Kf1 Ke5 34. Ng4+ Ke6 35. g3 h5 36.
Ne3 Ke5 37. Ke2 g6 38. Rd2 Ra8 39. Ng2 a5 40. Nf4 Kf6 41. Rd4 axb4 42. axb4 Ra2+ 43. Rd2 Ra4 44. Rd4 Ra2+ 45. Ke1 Ra1+ 46. Rd1 Ra4 47. Rb1 Ra2 48. Rb3 Rc2 49. Kf1 Rd2 50. Ng2 Bd7 51. Ne3 Be6 52. Rb1 Rd4 53. Kg2 c6 54.
Nc2 Rd2 55. Ne3 Bg4 56. Nxg4+ hxg4 57. Re1 Ke5 58. Ra1 Kd4 59. Ra6 Kc4 60. Rxc6 e3 61. Re6 Rxf2+ 62. Kg1 Re2 63. c6 Kxb4 64. c7 Rc2 65.
Rxe3 Rxc7 66. Re4+ Kb3 67. Rxg4 b4 68. Rxg6 Kb2 69. h5 b3 70. h6 Kc2 71. Rg7 Rc8 72. h7 Rh8 73. Rc7+ Kd1 74. Rd7+ Kc2 75. Rc7+ Kd1 76.
Rb7 Kc2 77. g4 b2 78. g5 b1=Q+ 79. Rxb1 Rxh7 80. Rb5 Rg7 81. Kg2 Kd3 82. Kf3 Kd4 83. Kf4 Rg8 84. Rf5 Rg7 85. Rf6 Rg8 86. g6 Kd5 87.
Kg5 Rh8 88. g7 Rg8 89. Kg6 Ke5 90. Kf7 Ra8 91. Re6+ Kd5 92. Re8 Ra7+ 93. Kf8 Rxg7 1-0